 Dungeon Crawl Stone Soup version 0.18.1-47-g9310371 (console) character file.

12089 Kloppie the Cleaver (level 11, -6/99 HPs)
             Began as a Centaur Berserker on June 14, 2016.
             Was an Elder of Trog.
             Mangled by a yak (11 damage)
             ... on level 1 of the Lair of Beasts.
             The game lasted 00:23:03 (13001 turns).

Kloppie the Cleaver (Centaur Berserker)            Turns: 13001, Time: 00:23:03

Health: -6/99      AC: 10    Str: 19    XL:     11   Next: 57%
Magic:  3/3        EV: 10    Int:  6    God:    Trog [****..]
Gold:   589        SH:  0    Dex: 13    Spells: 0 memorised, 10 levels left

rFire  . . .     SeeInvis .     s - +1 war axe {antimagic, Stlth+} (curse)
rCold  . . .     Gourm    .     u - +0 ring mail (curse)
rNeg   . . .     Faith    .     (no shield)
rPois  .         Spirit   .     (no helmet)
rElec  .         Dismiss  .     q - +0 cloak
rCorr  +         Reflect  .     p - +1 pair of gloves
SustAt .         Harm     .     (no barding)
MR     ++...                    (no amulet)
Stlth  +.........               w - ring of resist corrosion
                                m - +1 ring of evasion

@: exhausted, regenerating, slowed, very resistant to hostile enchantments, very
unstealthy
A: hooves 3, deformed body, speed 2, tough skin 3
a: Berserk, Trog's Hand, Brothers in Arms, Burn Spellbooks, Renounce Religion


You were on level 1 of the Lair of Beasts.
You worshipped Trog.
Trog was greatly pleased with you.
You were not hungry.

You visited 2 branches of the dungeon, and saw 11 of its levels.

You collected 589 gold pieces.

Inventory:

Hand Weapons
 a - a +1 war axe
 s - the cursed +1 war axe of Forced Transition (weapon) {antimagic, Stlth+}
   (You took it off a kobold on level 10 of the Dungeon)

   It disrupts the flow of magical energy around spellcasters and certain
   magical creatures (including the wielder).
   It makes you more stealthy.
   It has a curse placed upon it.
Missiles
 v - 117 arrows
Armour
 p - a +1 pair of gloves (worn)
 q - a +0 cloak (worn)
 u - a cursed +0 ring mail (worn)
Jewellery
 m - a +1 ring of evasion (left hand)
 w - a ring of resist corrosion (right hand)
 G - an uncursed amulet of harm
Wands
 g - a wand of paralysis (9/24)
 F - a wand of slowing (17/48)
Scrolls
 b - 4 scrolls of enchant weapon
 f - 2 scrolls of recharging
 k - 4 scrolls of identify
 n - 2 scrolls of magic mapping
 r - a scroll of fog
 x - a scroll of brand weapon {unknown}
 E - a scroll of teleportation
Potions
 d - 2 potions of curing
 e - 3 potions of haste
 h - a potion of mutation
 i - 4 potions of flight
 j - a potion of lignification
 l - 4 potions of cancellation
 z - a potion of heal wounds
Comestibles
 c - 4 bread rations
 t - 5 beef jerkies
 C - 9 slices of pizza


   Skills:
 + Level 10.1 Fighting
 * Level 12.1 Axes
 + Level 7.2 Armour
 - Level 1.3 Dodging


You had 10 spell levels left.
You didn't know any spells.

Dungeon Overview and Level Annotations

Branches:
Dungeon (10/15)            Temple (0/1) D:7            Lair (1/8) D:10
    Orc: D:9-12

Altars:
Ashenzari
Elyvilon
Fedhas
Gozag
Makhleb
Nemelex Xobeh
Okawaru
Sif Muna
Zin

Shops:
D:8 =


Innate Abilities, Weirdness & Mutations

You have hooves in place of feet.
Armour fits poorly on your strangely shaped body.
You cover ground very quickly.
You have extremely tough skin (AC +3).


Message History

You kill the yak!
Trog accepts your kill.
You hit the yak but do no damage.
The yak is severely wounded.
You slice the yak!!
You feel the power of Trog in you as your rage grows.
You kill the yak!
Trog accepts your kill.
You feel a strong urge to attack something.
The yak gores you!
* * * LOW HITPOINT WARNING * * *
You barely miss the yak. You kick the yak!
The yak is moderately wounded.
You are no longer berserk.
Trog's vigour flows through your veins.
You are exhausted.
You feel yourself slow down.
Your deep troll goes berserk!
You feel somewhat more hungry. The yak gores you!
You die...

..........## ###...# ###
...........###.#.#..##.###
...........##..#.##....#.##
...............#..#.......######.
#.................#..............
#.................##.#...........
#..............#.#††#............
#...........#..###††.............
#............#.#@.T†.............
#...........#..Y.................
##..........######...............
......... #...........)...
.#......... ###....... #......
#...


You could see a yak and a friendly deep troll (berserk).

Vanquished Creatures
  Urug (D:10)
  A cyclops (D:9)
  2 spiny frogs (Lair:1)
  A centaur skeleton (D:10)
  A centaur zombie (D:10)
  2 komodo dragons (Lair:1)
  2 trolls (D:9)
  22 yaks
  A hog (D:10)
  A human (D:10)
  A wyvern (D:10)
  3 hippogriffs
  A mottled dragon (D:10)
  A water moccasin (D:5)
  6 porcupines (Lair:1)
  An orc warrior (D:9)
  An ice beast (D:5)
  A phantom (D:4)
  3 sky beasts
  A necrophage (D:8)
  A wolf (Lair:1)
  2 centaurs
  The ghost of tscho the Insei, an amateur MfTm of Okawaru (D:3)
  4 ogres
  2 crocodiles (Lair:1)
  5 big kobolds
  7 giant frogs
  A gnoll sergeant (D:8)
  3 scorpions
  3 killer bees (D:9)
  12 wights
  2 howler monkeys
  A crimson imp (D:9)
  4 hounds
  5 jellies
  An orc priest (D:10)
  An orc wizard (D:9)
  3 iguanas
  6 worker ants
  3 sheep (D:10)
  A hound zombie (D:4)
  A hound skeleton (D:5)
  A worker ant zombie (D:6)
  Robin (D:3)
  A howler monkey zombie (D:5)
  15 gnolls
  9 adders
  An ooze (D:7)
  An adder zombie (D:9)
  2 adder skeletons
  4 worms
  A dart slug (D:1)
  3 giant geckos
  12 orcs
  3 ball pythons (D:3)
  8 giant cockroaches
  13 goblins
  5 hobgoblins
  11 jackals
  2 quokkas (D:10)
  8 bats
  7 giant newts
  27 kobolds
  8 rats
  A fungus (Lair:1)
266 creatures vanquished.

Vanquished Creatures (others)
  A plant (Lair:1)
  5 toadstools (D:1)
6 creatures vanquished.

Grand Total: 272 creatures vanquished

Notes
Turn   | Place    | Note
--------------------------------------------------------------
     0 | D:1      | Kloppie the Centaur Berserker began the quest for the Orb.
     0 | D:1      | Reached XP level 1. HP: 19/19 MP: 1/1
   157 | D:1      | Reached skill level 3 in Axes
   166 | D:1      | You fall through a shaft!
   168 | D:2      | Reached XP level 2. HP: 26/26 MP: 2/2
   384 | D:2      | Reached ** piety under Trog
   413 | D:2      | Found a sparkling altar of Nemelex Xobeh.
   560 | D:1      | Reached XP level 3. HP: 31/31 MP: 3/3
   968 | D:1      | Reached XP level 4. HP: 24/40 MP: 4/4
  1459 | D:3      | Reached skill level 4 in Axes
  1702 | D:3      | Reached XP level 5. HP: 46/46 MP: 5/5
  1725 | D:3      | Noticed Robin
  1726 | D:3      | Reached *** piety under Trog
  1758 | D:3      | Killed Robin
  1980 | D:3      | Noticed tscho's ghost (amateur MfTm)
  1993 | D:3      | Killed tscho's ghost
  2268 | D:3      | Reached XP level 6. HP: 41/53 MP: 6/6
  2562 | D:4      | Reached skill level 5 in Axes
  2641 | D:4      | Found a glowing silver altar of Zin.
  2736 | D:4      | Found an iron altar of Okawaru.
  2756 | D:4      | Found a blossoming altar of Fedhas.
  2865 | D:4      | Reached skill level 5 in Fighting
  2865 | D:4      | Reached XP level 7. HP: 42/61 MP: 7/7
  3082 | D:5      | Entered Level 5 of the Dungeon
  3095 | D:5      | Reached skill level 6 in Axes
  3541 | D:5      | Reached XP level 8. HP: 39/70 MP: 8/8
  3599 | D:5      | Reached **** piety under Trog
  3928 | D:6      | Reached skill level 7 in Axes
  3957 | D:6      | Found a deep blue altar of Sif Muna.
  4449 | D:7      | Found a staircase to the Ecumenical Temple.
  5095 | D:8      | Found a shattered altar of Ashenzari.
  5361 | D:8      | Reached skill level 8 in Axes
  5428 | D:8      | Reached XP level 9. HP: 78/78 MP: 9/9
  5582 | D:8      | Found Jafeunia's Jewellery Shoppe.
  6709 | D:9      | Found an opulent altar of Gozag.
  6709 | D:9      | Noticed a troll
  6718 | D:9      | Killed a troll
  6718 | D:9      | Reached skill level 9 in Axes
  6718 | D:9      | Reached skill level 5 in Armour
  7358 | D:9      | Noticed a troll
  7367 | D:9      | Killed a troll
  7367 | D:9      | Reached XP level 10. HP: 88/88 MP: 10/10
  7422 | D:9      | Noticed a cyclops
  7438 | D:9      | Killed a cyclops
  7438 | D:9      | Reached skill level 10 in Axes
  7721 | D:9      | Found a white marble altar of Elyvilon.
  7743 | D:9      | Found a burning altar of Makhleb.
  7763 | D:9      | Paralysed by a wight for 2 turns
  8538 | D:10     | Entered Level 10 of the Dungeon
  9127 | D:10     | Noticed Urug
  9139 | D:10     | Killed Urug
  9139 | D:10     | Reached skill level 11 in Axes
  9509 | D:10     | Reached ***** piety under Trog
  9515 | D:10     | Reached XP level 11. HP: 38/97 MP: 11/11
  9533 | D:10     | Got a shimmering war axe {antimagic}
  9815 | D:10     | Identified the cursed +1 war axe of Forced Transition {antimagic, Stlth+} (You took it off a kobold on level 10 of the Dungeon)
 10226 | D:10     | Found a staircase to the Lair.
 10338 | D:10     | Received a gift from Trog
 11060 | Lair:1   | Entered Level 1 of the Lair of Beasts
 12220 | Lair:1   | HP: 5/148 [yak (12)]
 12985 | Lair:1   | Reached skill level 10 in Fighting
 12985 | Lair:1   | Reached skill level 12 in Axes
 12999 | Lair:1   | HP: 4/148 [yak (7)]
 13001 | Lair:1   | Mangled by a yak

Skill      XL: |  1  2  3  4  5  6  7  8  9 10 11 |
---------------+----------------------------------+-----
Axes           | 3 4 5 6 8 9 11 12 | 12.1
Armour         | 2 3 4 5 6 7 |  7.2
Fighting       | 4 5 6 8 9 10 | 10.1
Dodging        | |  1.3

Action                   |  1- 3 |  4- 6 |  7- 9 | 10-12 || total
-------------------------+-------+-------+-------+-------++-------
Melee: Hand axe          |    88 |   185 |   295 |       ||   568
       Kick              |    16 |    50 |   112 |    96 ||   274
       War axe           |       |       |    95 |   328 ||   423
Invok: Berserk           |     2 |     5 |    11 |    11 ||    29
       Trog's Hand       |       |     1 |     2 |     2 ||     5
       Brothers in Arms  |       |       |       |     1 ||     1
  Use: Scroll            |       |       |    14 |     9 ||    23
       Potion            |       |       |     2 |     4 ||     6
 Stab: Invisible         |       |       |       |     1 ||     1
       Sleeping          |       |       |       |     1 ||     1
  Eat: Chunk             |       |    10 |    11 |    17 ||    38
       Pizza             |       |     1 |       |       ||     1
       Bread ration      |       |       |     2 |     3 ||     5
       Royal jelly       |       |       |     1 |       ||     1
       Beef jerky        |       |       |     1 |       ||     1
Armor: Animal skin       |    14 |       |       |       ||    14
       Ring mail         |    33 |    89 |    80 |   100 ||   302
       Chain mail        |       |    16 |    99 |       ||   115
Dodge: Dodged            |    45 |    85 |   179 |   125 ||   434
